 Dungeon Crawl Stone Soup version 0.25-a0-561-g0977b4d109 (webtiles) character file.

Game seed: 3774600345108976685, levelgen mode: deterministic

14581 Flugslaktarn the Cleaver (level 11, -4/103 HPs)
             Began as a Deep Dwarf Fighter on Feb 25, 2020.
             Was a High Priest of Makhleb.
             Killed from afar by Erolcha (27 damage)
             ... with a crystal spear
             ... on level 11 of the Dungeon.
             The game lasted 00:07:06 (7279 turns).

Flugslaktarn the Cleaver (Deep Dwarf Fighter)       Turns: 7279, Time: 00:07:06

Health: -4/103     AC: 30    Str: 26    XL:     11   Next: 90%
Magic:  8/8 (17)   EV:  6    Int: 12    God:    Makhleb [*****.]
Gold:   693        SH: 12    Dex: 15    Spells: 10/10 levels left

rFire    . . .     SeeInvis .   D - +0 broad axe (flame)
rCold    . . .     Gourm    .   c - +0 kite shield
rNeg     . . .     Faith    .   C - +1 plate armour {rPois}
rPois    +         Spirit   .   x - +2 helmet
rElec    +         Reflect  .   F - +3 cloak of the Beekeeper {rElec MP-9 Str+4 Dex+3}
rCorr    .         Harm     .   E - +1 pair of gloves
MR       ++...                  v - +0 pair of boots
Stlth    ..........             (no amulet)
HPRegen  0.00/turn              p - +4 ring of protection
MPRegen  0.11/turn              m - ring of protection from magic

@: lethally poisoned (-4 -> -4), non-regenerating
A: damage resistance, heal wounds, hooves 1, blurry vision 1, clever 1, sense
surroundings 2, no regeneration
a: Heal Wounds, Minor Destruction, Lesser Servant of Makhleb, Major Destruction,
Greater Servant of Makhleb, Renounce Religion


You were on level 11 of the Dungeon.
You worshipped Makhleb.
Makhleb was extremely pleased with you.
You were not hungry.

You visited 1 branch of the dungeon, and saw 11 of its levels.
You also visited: Ossuary and Bailey.

You collected 693 gold pieces.

Inventory:

Hand Weapons
 D - a +0 broad axe of flaming (weapon)
   (You took it off an orc warrior in a bailey)
 N - a +2 vorpal war axe
   (You found it on level 11 of the Dungeon)
Missiles
 g - 2 throwing nets (quivered)
Armour
 c - a +0 kite shield (worn)
 v - a +0 pair of boots (worn)
   (You found it on level 5 of the Dungeon)
 x - a +2 helmet (worn)
   (You took it off Robin on level 4 of the Dungeon)
 C - a +1 plate armour of poison resistance (worn)
   (You found it on level 9 of the Dungeon)
 E - a +1 pair of gloves (worn)
   (You found it on level 4 of the Dungeon)
 F - the +3 cloak of the Beekeeper (worn) {rElec MP-9 Str+4 Dex+3}
   (You found it on level 8 of the Dungeon)

   It affects your strength (+4).
   It affects your dexterity (+3).
   It insulates you from electricity.
   It affects your magic capacity (-9).
   If you remove this armour, your AC will decrease by 4 (30 -> 26).
Jewellery
 b - a +1 ring of protection
   (You took it off a crimson imp on level 11 of the Dungeon)
 m - a ring of protection from magic (right hand)
   (You found it on level 7 of the Dungeon)
 n - an uncursed ring of positive energy
   (You found it on level 6 of the Dungeon)
 p - a +4 ring of protection (left hand)
   (You found it on level 5 of the Dungeon)
 B - a +1 ring of protection
   (You found it on level 9 of the Dungeon)
 J - an uncursed ring of protection from cold {unknown}
   (You found it on level 11 of the Dungeon)
 M - a +2 ring of protection
   (You found it on level 11 of the Dungeon)
Wands
 s - a wand of paralysis (17)
   (You found it on level 4 of the Dungeon)
 z - a wand of iceblast (19)
   (You found it on level 7 of the Dungeon)
Scrolls
 o - a scroll of fear
 r - a scroll of identify
 t - 10 scrolls of teleportation
 w - 2 scrolls of remove curse
 A - 2 scrolls of summoning
 I - a scroll of enchant armour
 L - a scroll of immolation
Potions
 a - a potion of brilliance {unknown}
 d - 2 potions of might
 f - 2 potions of stabbing
 h - 2 potions of haste
 i - 2 potions of berserk rage
 j - a potion of heal wounds {unknown}
 k - a potion of ambrosia
 l - a potion of magic {unknown}
 q - 4 potions of curing
 u - 5 potions of flight
 y - 3 potions of lignification
 H - 3 potions of degeneration {unknown}
 K - a potion of resistance {unknown}
Comestibles
 e - 18 rations
 G - 6 chunks of flesh


   Skills:
 + Level 7.9 Fighting
 * Level 12.3 Axes
 + Level 9.3 Armour
 + Level 9.4 Shields
 + Level 10.0 Invocations


You had 10 spell levels left.
You didn't know any spells.
Your spell library was empty.

Dungeon Overview and Level Annotations

Branches:
Dungeon (11/15)            Temple (0/1) D:6            Lair (0/6) D:8
    Orc (0/2) D:10        Ossuary (visited)          Bailey (visited)

Altars:
Ashenzari
Dithmenos
Fedhas
Hepliaklqana
Makhleb
Ru
Sif Muna
Trog
Uskayaw
Xom

Shops:
D:4 (   D:5 }   D:8 (

Annotations:
D:3 exclusion: oklob plant
D:6 2 runed translucent doors, Cerrion's ghost, novice TrMo
D:10 5 runed translucent doors
D:11 Erolcha; Sonja


Innate Abilities, Weirdness & Mutations

You are resistant to damage.
You can heal yourself by infusing magical energy.
You passively map the area around you.
You do not regenerate.
You have large cloven feet.
Scrolls take you a little longer to read.
Your mind is acute. (Int +2)


Message History

You hit Erolcha but do no damage.
Erolcha is heavily wounded.
Erolcha barely misses you.
You hit Erolcha. You burn Erolcha.
Erolcha is severely wounded.
Erolcha points at you and mumbles some strange words.
The bolt of cold hits you!!
* * * LOW HITPOINT WARNING * * *
You barely miss Erolcha.
Erolcha is severely wounded.
Erolcha hits you but does no damage.
You completely miss Erolcha.
Erolcha is severely wounded.
You block Erolcha's attack.
You hit Erolcha. You burn Erolcha.
Erolcha is severely wounded.
You feel yourself speed up. Erolcha gestures at you while chanting.
The crystal spear hits you!!
You die...

, , ,
#..........#
..........#
.........###
* .........).
#..........,,
, ,,,,
#..........,
+ *
#..†O.....!
,,,
#..@.......,
#....%.....,
, ,
#.......... *
###........,,
, , #........
, ,,
#......## *
#......# ,
#......# , ,
,


You could see Erolcha.

Vanquished Creatures
  Snorg (D:11)
  2 two-headed ogres
  Urug (D:10)
  Pikel (D:5)
  A manticore (D:9)
  An orc knight (Bailey)
  Joseph (D:9)
  A centaur zombie (D:10)
  A guardian serpent (D:11)
  3 trolls
  A merfolk (D:9)
  A hornet (D:9)
  2 hippogriffs
  A wyvern (D:9)
  A wraith (D:10)
  9 yaks
  Eustachio (D:4)
  3 wargs (D:8)
  8 orc warriors
  A sky beast (D:9)
  4 phantoms
  2 ice beasts
  A black bear (D:10)
  4 slaves (D:5)
  A necrophage (D:10)
  11 ogres
  2 centaurs
  6 big kobolds
  Blork the orc (D:5)
  7 bullfrogs
  A wyvern zombie (D:8)
  2 gnoll sergeants (D:10)
  A wyvern skeleton (D:9)
  2 scorpions
  11 killer bees
  3 wights (D:8)
  3 howler monkeys
  4 crimson imps
  A quasit (D:9)
  6 orc priests
  5 hounds
  2 centaur skeletons
  A gnoll shaman (D:5)
  2 bullfrog skeletons
  3 jellies
  3 iguanas
  6 orc wizards
  7 worker ants
  Robin (D:4)
  2 hound skeletons
  8 mummies (Ossuary)
  5 worker ant zombies
  15 adders
  19 gnolls
  A howler monkey skeleton (D:4)
  6 shadow imps
  2 oozes
  A worm zombie (D:5)
  An adder skeleton (D:9)
  A dart slug (D:4)
  4 worms
  7 leopard geckos
  40 orcs
  A ball python (D:4)
  4 bats
  5 giant cockroaches
  A gnoll zombie (Ossuary)
  22 goblins
  15 hobgoblins
  11 jackals
  6 quokkas
  6 frilled lizards
  2 hobgoblin zombies (Ossuary)
  12 kobolds
  3 kobold zombies (Ossuary)
  2 orc zombies (Ossuary)
  3 quokka skeletons
  A quokka zombie (D:9)
  6 rats
  A rat zombie (D:5)
357 creatures vanquished.

Notes
Turn   | Place    | Note
-------+----------+-------------------------------------------
     0 | D:1      | Flugslaktarn the Deep Dwarf Fighter began the quest for the
                  | Orb.
     0 | D:1      | Reached XP level 1. HP: 20/20 MP: 1/1
   197 | D:1      | Reached XP level 2. HP: 27/27 MP: 2/2
   300 | D:2      | Reached skill level 3 in Axes
   300 | D:2      | Reached XP level 3. HP: 26/34 MP: 3/3
   339 | D:2      | Found a hide-covered altar of Uskayaw.
   523 | D:2      | Reached XP level 4. HP: 32/42 MP: 4/4
   529 | D:2      | Found a burning altar of Makhleb.
   533 | D:2      | Became a worshipper of Makhleb the Destroyer
   580 | D:3      | Found a blossoming altar of Fedhas.
   583 | D:3      | Noticed an oklob plant
   903 | D:3      | Reached skill level 1 in Invocations
  1006 | D:3      | You fall into a shaft and drop 1 floor!
  1006 | D:4      | Noticed Robin
  1007 | D:4      | Reached * piety under Makhleb
  1007 | D:4      | Reached XP level 5. HP: 39/49 MP: 5/5
  1022 | D:4      | Killed Robin
  1056 | D:4      | Reached skill level 4 in Axes
  1085 | D:4      | Noticed a phantom
  1094 | D:4      | Found a hazy altar of Hepliaklqana.
  1100 | D:4      | Found a shimmering altar of Xom.
  1101 | D:4      | Noticed a spectral ugly thing
  1153 | D:4      | Killed a phantom
  1153 | D:4      | Reached XP level 6. HP: 41/56 MP: 7/7
  1219 | D:4      | Reached skill level 5 in Axes
  1255 | D:4      | Found Ohainul's Antique Weapon Shop.
  1268 | D:4      | Noticed Eustachio
  1299 | D:4      | Reached XP level 7. HP: 27/63 MP: 9/9
  1349 | D:4      | Killed Eustachio
  1349 | D:4      | Reached skill level 5 in Shields
  1378 | D:4      | Found a shattered altar of Ashenzari.
  1380 | D:4      | Found a shimmering blue altar of Sif Muna.
  1382 | D:4      | Found a burning altar of Makhleb.
  1844 | D:5      | Entered Level 5 of the Dungeon
  1844 | D:5      | Found a sand-covered staircase.
  1844 | D:5      | Noticed Pikel
  1892 | D:5      | Killed Pikel
  1892 | D:5      | Reached skill level 6 in Axes
  1892 | D:5      | Reached skill level 5 in Armour
  1892 | D:5      | Reached XP level 8. HP: 67/73 MP: 9/11
  1902 | Ossuary  | Entered an ossuary
  1921 | Ossuary  | Reached ** piety under Makhleb
  2105 | D:5      | Gained mutation: You have large cloven feet. [potion of
                  | mutation]
  2105 | D:5      | Gained mutation: Scrolls take you a little longer to read.
                  | [potion of mutation]
  2105 | D:5      | Gained mutation: Your mind is acute. (Int +2) [potion of
                  | mutation]
  2108 | D:5      | Noticed Blork the orc
  2108 | D:5      | Identified the +7 dagger of the Pure People {venom, +Fly
                  | rC- Str+9}
  2120 | D:5      | Killed Blork the orc
  2120 | D:5      | Reached skill level 7 in Axes
  2159 | D:5      | Reached skill level 5 in Invocations
  2300 | D:5      | Found Lamot's Gadget Boutique.
  2528 | D:5      | Found a bloodstained altar of Trog.
  2546 | D:5      | Reached *** piety under Makhleb
  2604 | D:6      | Reached skill level 5 in Fighting
  2647 | D:6      | Found a runed translucent door.
  2649 | D:6      | Noticed Cerrion's ghost (novice TrMo)
  2897 | D:6      | Found a runed translucent door.
  2977 | D:6      | Found a staircase to the Ecumenical Temple.
  3007 | D:6      | Gained mutation: You passively map the area around you.
                  | [Deep Dwarf growth]
  3007 | D:6      | Reached XP level 9. HP: 81/81 MP: 12/12
  3031 | D:6      | Reached skill level 8 in Axes
  3552 | D:7      | Reached **** piety under Makhleb
  4227 | D:8      | Reached skill level 9 in Axes
  4311 | D:8      | Found Iwor Pos's Antique Weapon Shoppe.
  4347 | D:8      | Found a staircase to the Lair.
  4389 | D:8      | Reached XP level 10. HP: 91/91 MP: 14/14
  4399 | D:8      | Got a crude cloak
  4405 | D:8      | Identified the +3 cloak of the Beekeeper {rElec MP-9 Str+4
                  | Dex+3} (You found it on level 8 of the Dungeon)
  4605 | D:8      | Found a sacrificial altar of Ru.
  4613 | D:8      | Found a flagged portal.
  4759 | Bailey   | Entered a bailey
  4770 | Bailey   | Noticed an orc knight
  4802 | Bailey   | Killed an orc knight
  4848 | Bailey   | Identified the cursed +0 shadow dragon scales of the Lute
                  | {rElec Str+3 Stlth++++}
  5055 | D:9      | Reached skill level 10 in Axes
  5073 | D:9      | Noticed Joseph
  5110 | D:9      | Killed Joseph
  5224 | D:9      | Reached ***** piety under Makhleb
  5435 | D:9      | Noticed a two-headed ogre
  5446 | D:9      | Killed a two-headed ogre
  5457 | D:9      | Reached skill level 11 in Axes
  5469 | D:9      | Noticed a manticore
  5488 | D:9      | Killed a manticore
  5488 | D:9      | Reached XP level 11. HP: 100/100 MP: 7/16
  5538 | D:9      | Identified the Incunabulum of Scorching Conjuration
  5919 | D:10     | Entered Level 10 of the Dungeon
  6029 | D:10     | Noticed Urug
  6050 | D:10     | Killed Urug
  6058 | D:10     | Found a shadowy altar of Dithmenos.
  6106 | D:10     | Found a runed translucent door.
  6128 | D:10     | Found a runed translucent gate.
  6137 | D:10     | Found a runed translucent gate.
  6137 | D:10     | Found a runed translucent gate.
  6199 | D:10     | Found a runed translucent door.
  6215 | D:10     | Found the +9 staff of Olgreb {rPois∞}
  6423 | D:10     | Noticed a two-headed ogre
  6433 | D:10     | Killed a two-headed ogre
  6447 | D:10     | Found a staircase to the Orcish Mines.
  6502 | D:10     | Reached skill level 12 in Axes
  7005 | D:11     | Noticed Snorg
  7038 | D:11     | Killed Snorg
  7185 | D:11     | Reached skill level 10 in Invocations
  7260 | D:11     | Noticed Sonja
  7268 | D:11     | Noticed Erolcha
  7279 | D:11     | Killed from afar by Erolcha

Levels and vault maps discovered:
D:1:      scummos_arrival_checkerplants, layout_loops_ring
D:2:      layout_loops_ring, chequers_temple_overflow_statue_of_worship,
          eat_drink_and_be_merry_uskayaw, first_ration, bloody_makhleb
D:3:      layout_loops_ring, tgw_fedhas
D:4:      layout_gridville, regret_index_temple_of_mockery, minitemple,
          serial_shops, shop, uniq_robin, uniq_eustachio
D:5:      layout_rooms, enter_ossuary_3, serial_shops, shop, trog_hazing_becter,
          uniq_pikel, uniq_blork_the_orc
D:6:      layout_loops_ring, minmay_temple_entry_wispy, ebering_ghost_sewer_f,
          kennysheep_cross_bottleneck
D:7:      layout_basic
D:8:      layout_cave_pools, nicolae_ru_path_of_blood,
          erik_lair_orcish_takeover, serial_shops, nicolae_shop_crystal,
          enter_bailey_6
D:9:      layout_basic, hangedman_fish_farm, minmay_the_grid_2x2
          [minmay_the_grid_spin_star, minmay_the_grid_box_x,
          minmay_the_grid_tiny_cups,
          minmay_the_grid_prize_four_corners_diamond_a], uniq_joseph
D:10:     layout_stronghold, kennysheep_orc_monster_closet_entryway,
          basic_altar, minmay_guarded_unrand_staff_of_olgreb, uniq_urug
D:11:     nrook_guardian_serpent_snake_passage, layout_irregular_city,
          uniq_sonja, uniq_nergalle, uniq_snorg, uniq_erolcha

Skill      XL: |  1  2  3  4  5  6  7  8  9 10 11 |
---------------+----------------------------------+-----
Fighting       | 3 4 5 6 7 |  7.9
Axes           | 3 4 5 6 7 9 11 12 | 12.3
Shields        | 4 5 6 7 8 9 |  9.4
Armour         | 4 5 6 7 8 9 |  9.3
Invocations    | 1 2 3 4 5 7 8 10 | 10.0

Action                   |  1- 3 |  4- 6 |  7- 9 | 10-12 || total
-------------------------+-------+-------+-------+-------++-------
Melee: War axe           |    94 |   208 |   260 |       ||   562
       Hand axe          |       |       |   254 |   675 ||   929
       Kick              |       |       |     9 |       ||     9
       Broad axe         |       |       |       |    44 ||    44
Invok: Lesser Servant of |       |       |       |     3 ||     3
 Abil: Heal Wounds       |       |     3 |     5 |     5 ||    13
  Use: Scroll            |       |       |    11 |    10 ||    21
       Potion            |       |       |     1 |       ||     1
  Eat: Chunk             |       |     2 |    11 |     7 ||    20
       Ration            |       |       |       |     1 ||     1
Armor: Scale mail        |    43 |   162 |   122 |       ||   327
       Chain mail        |       |       |   308 |   326 ||   634
       Plate armour      |       |       |       |   292 ||   292
Dodge: Dodged            |    21 |   110 |   188 |   288 ||   607
Block: Kite shield       |    54 |   140 |   402 |   640 ||  1236

Table legend:
 A = Non-vault XP
 B = Vault XP
 C = Vault XP percentage of total XP
 D = Non-vault monster count
 E = Vault monster count
 F = Vault count percentage of total count
                 A         B        C        D         E       F
            +---------+---------+-------+---------+---------+-------
      Total |   11865 |    8965 |  43.0 |     250 |     103 |  29.2
            +---------+---------+-------+---------+---------+-------
        D:1 |      18 |       0 |   0.0 |      11 |       0 |   0.0
        D:2 |      79 |       0 |   0.0 |      23 |       0 |   0.0
        D:3 |      98 |       0 |   0.0 |      27 |       0 |   0.0
        D:4 |     623 |     227 |  26.7 |      27 |      12 |  30.8
        D:5 |     477 |     759 |  61.4 |      20 |      10 |  33.3
        D:6 |     935 |       0 |   0.0 |      26 |       0 |   0.0
        D:7 |     643 |       0 |   0.0 |      13 |       0 |   0.0
        D:8 |    1046 |     559 |  34.8 |      20 |       6 |  23.1
        D:9 |    3111 |    2656 |  46.1 |      31 |      20 |  39.2
       D:10 |    3735 |    2361 |  38.7 |      34 |      21 |  38.2
       D:11 |    1100 |    1241 |  53.0 |      18 |       2 |  10.0
    Ossuary |       0 |     151 | 100.0 |       0 |      16 | 100.0
     Bailey |       0 |    1011 | 100.0 |       0 |      16 | 100.0
            +---------+---------+-------+---------+---------+-------
